 Dungeon Crawl Stone Soup version 0.32-a0-422-g28b100f618 (webtiles) character file.

Game seed: 14455637410606712522

222 Dittersdorf the Shield-Bearer (level 5, 0/34 HPs)
             Began as a Gargoyle Fighter on Feb 21, 2024.
             Slain by Grinder (1 damage)
             ... on level 4 of the Dungeon.
             The game lasted 00:02:07 (2862 turns).

Dittersdorf the Shield-Bearer (Gargoyle Fighter)    Turns: 2862, Time: 00:02:08

Health: 0/34       AC: 17    Str: 22    XL:     5   Next: 99%
Magic:  5/5        EV:  8    Int:  8    God:
Gold:   170        SH:  4    Dex:  9    Spells: 4/4 levels left

rFire   . . .        a - +0 flail
rCold   . . .        c - +0 buckler
rNeg    + . .        g - +0 chain mail
rPois   ∞            (no helmet)
rElec   +            (no cloak)
rCorr   .            (no gloves)
SInv    +            (no boots)
Will    .....        (no amulet) Stlth
                     p - +4 ring of protection
HPRegen 0.25/turn    q - ring of see invisible
MPRegen 0.09/turn

%: no passive effects
@: no status effects
A: sickness immunity, AC +4, negative energy resistance 1, electricity
resistance, torment resistance 1, petrification resistance
a: no special abilities


You were on level 4 of the Dungeon.
You visited 1 branch of the dungeon, and saw 4 of its levels.

You collected 170 gold pieces.

Inventory:

Hand Weapons
 a - a +0 flail (weapon)
Armour
 c - a +0 buckler (worn)
 g - a +0 chain mail (worn)
Jewellery
 p - a +4 ring of protection (left hand)
 q - a ring of see invisible (right hand)
Scrolls
 e - 5 scrolls of identify {unknown}
 f - 3 scrolls of amnesia {unknown}
 h - 3 scrolls of poison {unknown}
 i - 3 scrolls of noise {unknown}
 j - 2 scrolls of teleportation {unknown}
 k - a scroll of blinking {unknown}
 l - 2 scrolls of fog {unknown}
 m - 2 scrolls of fear {unknown}
 n - 2 scrolls of immolation {unknown}
 o - 2 scrolls of enchant armour {unknown}
 r - a scroll of enchant weapon {unknown}
Potions
 b - a potion of invisibility {unknown}
 d - 2 potions of might
 s - 2 potions of enlightenment {unknown}
 t - a potion of heal wounds {unknown}


   Skills:
 + Level 4.5 Fighting
 + Level 3.4 Maces & Flails
 + Level 4.5 Armour
 + Level 4.5 Shields


You had 4 spell levels left.
You didn't know any spells.
Your spell library contained the following spells:

 Spells                   Type           Power      Damage    Failure   Level
 Lesser Beckoning         Tloc           0%         N/A       99%         2
 Gell's Gravitas          Tloc           0%         N/A       100%        3
 Teleport Other           Tloc           0%         N/A       100%        3
 Dispersal                Tloc           0%         N/A       100%        6


Dungeon Overview and Level Annotations

Branches:
Dungeon (4/15)
 Temple: D:4-7

Altars:
Uskayaw

Annotations:
D:4 Grinder


Innate Abilities, Weirdness & Mutations

You are immune to sickness and miasma.
Your stone body is resilient. (AC +4)
You are immune to poison.
You resist negative energy. (rN+)
You are resistant to electric shocks. (rElec)
You are resistant to unholy torment.
You are immune to petrification.


Message History

You are too injured to fight recklessly!
You are too injured to fight recklessly!
You are too injured to fight recklessly!
You are too injured to fight recklessly!
You are too injured to fight recklessly!
You are too injured to fight recklessly!
You are too injured to fight recklessly!
You are too injured to fight recklessly!
You are too injured to fight recklessly!
You are too injured to fight recklessly!
You are too injured to fight recklessly!
You are too injured to fight recklessly!
You are too injured to fight recklessly!
You are too injured to fight recklessly!
You are too injured to fight recklessly!
You are too injured to fight recklessly!
You are too injured to fight recklessly!
You are too injured to fight recklessly!
You hit Grinder but do no damage.
Grinder is heavily wounded.
Grinder hits you.
* * * LOW HITPOINT WARNING * * *
You writhe in agony.
* * * LOW HITPOINT WARNING * * *
You barely miss Grinder.
Grinder is heavily wounded.
Grinder hits you but does no damage.
You hit Grinder.
Grinder is heavily wounded.
Grinder hits you.
* * * LOW HITPOINT WARNING * * *
You writhe in agony.
* * * LOW HITPOINT WARNING * * *
You barely miss Grinder.
Grinder is heavily wounded.
Grinder barely misses you. Grinder hits you.
* * * LOW HITPOINT WARNING * * *
You writhe in agony.
You die...
Grinder says, "Hey, I wasn't done torturing you yet!"

######.....#
.##..).###.# #.#
.##)##.###.#####.#
.##.#...##.#.>##.#
......_.......##.#
.#.##...#.###.##.#
.#.###.##.# #.##.#
##.# #....# #.##5#
#.. ..### #.##@#
### ###.##.#######
##....#.......#
#.......#####.#
#.##..#.#
#.#...#.# #
#..##.# #..##.#
#..##.#


You could see Grinder.

Vanquished Creatures
  A howler monkey (D:4)
  Jessica (D:3)
  An iguana (D:4)
  An adder (D:3)
  3 ribbon worms
  5 orcs (D:4)
  13 ball pythons
  4 endoplasms
  3 giant cockroaches
  6 goblins
  2 hobgoblins
  3 jackals (D:1)
  7 kobolds
  2 quokkas
  4 bats
  4 frilled lizards
  5 rats
65 creatures vanquished.

Notes
Turn   | Place    | Note
-------+----------+-------------------------------------------
     0 | D:1      | Dittersdorf the Gargoyle Fighter began the quest for the
                  | Orb.
     0 | D:1      | Reached XP level 1. HP: 14/14 MP: 1/1
   132 | D:1      | Reached XP level 2. HP: 19/19 MP: 2/2
   249 | D:1      | Reached XP level 3. HP: 22/23 MP: 3/3
  1046 | D:2      | You fall into a shaft and drop 1 floor!
  1161 | D:3      | Reached XP level 4. HP: 29/29 MP: 4/4
  1453 | D:3      | Noticed Jessica
  1458 | D:3      | Killed Jessica
  1961 | D:2      | Found a faded altar of an unknown god.
  2023 | D:2      | Reached XP level 5. HP: 33/33 MP: 5/5
  2815 | D:4      | Found a hide-covered altar of Uskayaw.
  2850 | D:4      | Noticed Grinder
  2862 | D:4      | HP: 1/34 [Grinder (2)]
  2862 | D:4      | Slain by Grinder

Illustrated notes

Levels and vault maps discovered:
D:1:      dpeg_arrival_brainrot, layout_loops_ring
D:2:      layout_rooms, hellmonk_ecumenical_altar_prayer_group
D:3:      layout_basic, minmay_stone_trees_large,
          nicolae_elevator_lobby_asterisk, uniq_jessica
D:4:      layout_basic, nicolae_overflow_crystal_walls,
          nemelex_xobeh_ov_fountains_minmay, uniq_grinder

Skill      XL: |  1  2  3  4 |
---------------+-------------+-----
Fighting       | 4 |  4.5
Armour         | 4 |  4.5
Shields        | 4 |  4.5
Maces & Flails | 3 |  3.4

Action                     |  1- 3 |  4- 6 || total
---------------------------+-------+-------++-------
  Melee: Flail             |   102 |   137 ||   239
         Unarmed           |       |     9 ||     9
 Armour: Scale mail        |    14 |       ||    14
         Chain mail        |    63 |   141 ||   204
         Skin              |       |     3 ||     3
  Dodge: Dodged            |    41 |    78 ||   119
  Block: Buckler           |    26 |    39 ||    65

Table legend: (Time is in decaauts)
 A = Elapsed time spent in this place.
 B = Non-inter-level travel time spent in this place.
 C = Inter-level travel time spent in this place.
 D = Time resting spent in this place.
 E = Time spent auto-exploring this place.
 F = Levels seen in this place.
 G = Mean time per level.
                   A        B        C        D        E       F      G
               +--------+--------+--------+--------+--------+-----+--------+
         Total |   2929 |   2813 |    116 |    235 |   2000 |   4 |  732.2 |
       Dungeon |   2929 |   2813 |    116 |    235 |   2000 |   4 |  732.2 |
               +--------+--------+--------+--------+--------+-----+--------+

Top non-repeatable levels by time:
     D:3: 1027 daAuts
     D:1: 839 daAuts
     D:4: 546 daAuts
     D:2: 516 daAuts
